Map: 이터널 엠파이어 - 래더

Players

Bunny

  • Race: Terran Terran
  • Spawn Location: 7:00

Stats - Winner!

  • Race: Protoss Protoss
  • League: Master
  • Spawn Location: 1:00

Event: StayAtHomestory Cup #2

VOD

Have the link to the VOD?

Description

Time

  • Played on: June 12, 2020, 3:50 p.m.
  • Length: 10:10

All games in this series

Show
View Real Time Build Order
Export as new Build Order

Bunny Terran 

Build Orders:  

Get SALT Encoding   

  12  0:00  SCV  
  13  0:12  SCV  
  14  0:17  Supply Depot  
  14  0:25  SCV  
  15  0:38  SCV  
  15  0:39  Barracks  
  16  0:43  Refinery  
  16  0:50  SCV  
  17  1:02  SCV  
  18  1:14  SCV  
  19  1:26  Orbital Command, Marine  
  20  1:50  Command Center  
  20  1:52  SCV  
  21  1:55  Factory  
  21  2:05  SCV, Barracks Reactor  
  22  2:08  Supply Depot  
  22  2:17  SCV  
  23  2:30  SCV  
  24  2:42  SCV  
  25  2:46  Hellion x2  
  29  2:51  Command Center  
  29  2:54  SCV  
  29  2:58  Barracks Tech Lab  
  30  3:05  Orbital Command  
  30  3:08  SCV  
  31  3:21  SCV  
  31  3:24  Cyclone  
  35  3:29  Marine x2  
  35  3:31  SCV  
  35  3:33  SCV  
  39  3:37  Barracks  
  39  3:44  SCV  
  39  3:45  SCV  
  39  3:48  Barracks  
  41  3:49  Marine x2  
  41  3:54  Supply Depot  
  43  3:56  Siege Tank  
  46  4:03  SCV x2, Orbital Command  
  46  4:07  Marine  
  46  4:08  Marine  
  50  4:15  SCV x2  
  52  4:17  Refinery x2  
  52  4:25  Marine  
  52  4:26  Marine  
  52  4:29  SCV x3  
  57  4:31  Barracks Tech Lab  
  57  4:32  Siege Tank  
  60  4:40  Barracks Tech Lab  
  60  4:42  SCV x3  
  63  4:46  Engineering Bay  
  63  4:47  Supply Depot  
  63  4:48  Marine x2  
  65  4:53  Refinery  
  65  4:54  Stimpack  
  65  4:59  SCV x2  
  68  5:00  SCV  
  68  5:02  Bunker, Marine  
  69  5:08  Marine x2  
  71  5:14  Starport  
  71  5:15  SCV x3  
  71  5:16  Supply Depot  
  71  5:18  Terran Infantry Weapons Level 1  
  72  5:23  Factory Reactor  
  72  5:27  Barracks  
  72  5:28  Barracks  
  72  5:29  Marauder  
  72  5:31  Marauder  
  72  5:33  Marine  
  77  5:37  Marine  
  77  5:39  Supply Depot x2  
  77  5:42  SCV  
  79  5:43  SCV  
  79  5:48  Orbital Command  
  80  5:51  Combat Shield  
  80  5:53  Marauder x2, Marine  
  80  5:56  Marine  
  85  5:59  Supply Depot  
  85  6:00  SCV  
  85  6:03  SCV  
  87  6:07  Supply Depot  
  87  6:09  Medivac  
  88  6:12  Medivac  
  88  6:19  Marauder x3  
  88  6:21  Marine x2  
  88  6:22  Barracks Reactor  
  88  6:25  SCV, Widow Mine  
  96  6:28  SCV  
  95  6:38  Concussive Shells  
  92  6:45  Medivac x2  
  96  6:48  Marauder x3  
  96  6:50  Widow Mine  
  102  6:55  Marine x2  
  102  6:57  SCV x3  
  95  7:07  Marine  
  95  7:08  Marine  
  95  7:09  SCV x2  
  95  7:10  SCV  
  95  7:13  Terran Infantry Armor Level 1  
  95  7:14  Supply Depot  
  95  7:15  Widow Mine  
  99  7:17  Marauder  
  99  7:20  Marauder, Marine  
  99  7:21  SCV, Marine  
  104  7:24  Marauder  
  104  7:26  Medivac  
  104  7:28  SCV x2  
  110  7:32  Medivac  
  110  7:35  Marine  
  110  7:36  Marine  
  114  7:38  Marine  
  114  7:39  Widow Mine  
  114  7:40  SCV x2  
  114  7:41  SCV  
  114  7:42  Supply Depot  
  120  7:45  Refinery  
  120  7:46  Refinery  
  120  7:50  Marauder x2  
  124  7:56  Marine  
  125  8:00  Supply Depot  
  125  8:02  Supply Depot  
  125  8:04  SCV x3, Armory, Marauder, Marine x3  
  133  8:06  Supply Depot  
  133  8:13  Supply Depot  
  133  8:22  Medivac x2, Widow Mine  
  133  8:25  SCV x3, Ghost Academy  
  133  8:26  Supply Depot  
  142  8:27  Marauder  
  142  8:28  Marauder x2  
  142  8:29  Marine x3  
  142  8:30  Marine  
  149  8:39  SCV x3  
  146  8:49  Marine x3  
  146  8:50  Marine  
  146  8:52  Liberator x2  
  146  8:55  Ghost x2  
  154  8:58  Ghost  
  160  9:07  Widow Mine  
  154  9:10  Marine x4  
  136  9:25  Marauder x2  
  136  9:27  Marauder, Marine  
  136  9:28  Marine x3  
  136  9:30  Widow Mine  
  100  9:39  Medivac x2  
  70  9:45  Marine x2  
  70  9:46  Marine  
Show
View Real Time Build Order
Export as new Build Order

Stats Protoss - Winner!

Build Orders: 1 Gate Expand, Blink Stalkers, Zealot Archon 

Get SALT Encoding   

  12  0:00  Probe  
  13  0:13  Probe  
  14  0:17  Pylon  
  14  0:24  Probe  
  15  0:32  Probe  
  15  0:37  Gateway  
  15  0:40  Probe  
  16  0:46  Assimilator  
  17  0:51  Probe  
  18  1:03  Probe  
  19  1:15  Probe  
  20  1:25  Cybernetics Core  
  20  1:32  Nexus  
  20  1:35  Probe  
  21  1:43  Pylon  
  21  1:47  Assimilator  
  21  1:49  Probe  
  21  1:53  Adept  
  22  2:02  Probe  
  22  2:04  Warp Gate  
  25  2:11  Shield Battery  
  25  2:14  Probe  
  26  2:23  Stalker  
  26  2:26  Probe  
  29  2:33  Twilight Council  
  29  2:37  Probe  
  29  2:40  Probe  
  30  2:45  Probe  
  30  2:49  Probe  
  32  2:53  Probe, Blink  
  34  2:59  Probe  
  34  3:04  Probe  
  35  3:08  Gateway  
  35  3:11  Probe  
  37  3:16  Probe  
  38  3:23  Probe  
  38  3:25  Gateway  
  39  3:30  Probe  
  40  3:35  Probe  
  40  3:36  Robotics Facility  
  41  3:42  Shield Battery  
  41  3:44  Pylon  
  41  3:46  Probe  
  41  3:47  Probe  
  43  3:52  Stalker  
  45  3:59  Pylon, Assimilator  
  45  4:00  Probe  
  45  4:02  Probe  
  47  4:05  Sentry  
  49  4:13  Probe  
  49  4:14  Probe  
  51  4:17  Observer  
  51  4:18  Pylon, Phoenix  
  51  4:22  Stalker x2  
  56  4:28  Probe x2  
  58  4:34  Stalker  
  60  4:42  Nexus  
  60  4:50  Probe x2  
  62  5:01  Forge  
  62  5:02  Probe x2, Observer  
  65  5:07  Charge  
  65  5:08  Gateway  
  65  5:09  Gateway  
  65  5:14  Probe  
  65  5:15  Probe  
  67  5:24  Assimilator  
  67  5:25  Probe x2  
  67  5:27  Templar Archives  
  67  5:28  Gateway  
  69  5:29  Protoss Ground Weapons Level 1  
  69  5:33  Probe  
  69  5:40  Pylon  
  70  5:44  Probe  
  70  5:52  Probe, Pylon  
  70  5:53  Probe, Assimilator  
  70  5:56  Probe  
  73  5:57  Assimilator  
  73  6:00  Probe  
  73  6:01  Probe, Observer  
  73  6:03  Psionic Storm  
  74  6:08  Probe  
  74  6:09  Probe  
  74  6:10  Probe  
  74  6:11  Zealot x4  
  85  6:15  High Templar  
  89  6:20  Probe  
  89  6:24  Shield Battery  
  89  6:25  Zealot  
  92  6:36  Zealot x4  
  100  6:48  Pylon  
  100  6:50  Pylon  
  100  6:51  Pylon  
  100  6:53  Pylon  
  96  6:57  Zealot x2  
  96  6:59  Warp Prism  
  96  7:00  Probe  
  96  7:01  Probe x2  
  99  7:06  High Templar x2  
  99  7:07  Zealot, Gateway, High Templar  
  103  7:09  Gateway  
  103  7:13  Gateway  
  103  7:16  Gateway  
  103  7:18  Pylon  
  103  7:19  Photon Cannon  
  103  7:21  Pylon  
  103  7:23  Stalker x2  
  107  7:31  Forge  
  107  7:39  Sentry, High Templar x2  
  107  7:40  Zealot  
  107  7:41  Immortal  
  107  7:43  Archon  
  115  7:44  Pylon  
  115  7:48  Zealot x2  
  123  8:01  Pylon  
  123  8:02  Pylon  
  123  8:04  High Templar x2  
  123  8:05  Zealot x2  
  131  8:09  Archon  
  131  8:10  Pylon, Nexus  
  131  8:13  Zealot x2  
  131  8:19  Stalker x2  
  139  8:21  Zealot  
  138  8:38  Zealot, High Templar x2  
  138  8:39  Zealot x4  
  152  8:42  Archon  
  150  8:48  Zealot  
  150  8:50  Zealot x2  
  154  8:59  Zealot x5  
  160  9:12  Stalker x4  
  160  9:25  Archon  
  146  9:31  Zealot x6, Archon  
  154  9:43  Zealot x4  
  152  9:51  Zealot x5  
  149  9:53  Zealot  
  149  9:57  Probe x3  
Tags
 
Add a new tag
Caveats
  • Supply blocks, unpowered buildings, or Contaminate may cause inaccurate times.
  • Supply counts are checked every 10 seconds.